 Dungeon Crawl Stone Soup version 0.29-a0-870-g2c972031a6 (webtiles) character file.

Game seed: 7388010265522298855

11 nxtlvl the Cutter (level 2, -1/18 HPs)
             Began as a Deep Elf Monk on July 17, 2022.
             Slain by an adder (2 damage)
             ... on level 2 of the Dungeon.
             The game lasted 00:01:15 (229 turns).

nxtlvl the Cutter (Deep Elf Monk)                    Turns: 229, Time: 00:01:15

Health: -1/18      AC:  2    Str:  8    XL:     2   Next: 17%
Magic:  4/4        EV: 13    Int: 14    God:
Gold:   17         SH:  0    Dex: 17    Spells: 1/1 levels left

rFire   . . .      SeeInvis .   a - +0 short sword
rCold   . . .      Faith    .   (no shield)
rNeg    . . .      Spirit   .   f - +0 robe
rPois   .          Reflect  .   (no helmet)
rElec   .          Harm     .   (no cloak)
rCorr   .          Rampage  .   (no gloves)
Will    .....                   (no boots)
Stlth   ++........              (no amulet)
HPRegen 0.06/turn               (no ring)
MPRegen 0.09/turn               (no ring)

@: lethally poisoned (-1 -> -7)
A: no striking features
a: no special abilities


You were on level 2 of the Dungeon.
You visited 1 branch of the dungeon, and saw 2 of its levels.

You collected 17 gold pieces.

Inventory:

Hand Weapons
 a - a +0 short sword (weapon)
 b - a +0 sling
Armour
 f - a +0 robe (worn)
Scrolls
 d - a scroll of fear {unknown}
 e - a scroll of poison {unknown}
Potions
 c - a potion of ambrosia


   Skills:
 - Level 2.4 Fighting
 * Level 3.7 Short Blades
 - Level 3.6 Dodging
 - Level 2.4 Stealth


You had one spell level left.
You didn't know any spells.
Your spell library was empty.

Dungeon Overview and Level Annotations

Branches:
Dungeon (2/15)

Altars:


Message History

The adder is severely wounded.
The adder misses you.
You closely miss the adder.
The adder is severely wounded.
The adder barely misses you.
You hit the adder but do no damage.
The adder is severely wounded.
The adder bites you.
You miss the adder.
The adder is severely wounded.
The adder bites you.
You miss the adder.
The adder is severely wounded.
The adder closely misses you. The adder bites you but does no damage.
You completely miss the adder.
The adder is severely wounded.
The adder misses you.
You closely miss the adder.
The adder is severely wounded.
The adder bites you but does no damage.
You barely miss the adder.
The adder is severely wounded.
The adder barely misses you.
You hit the adder.
The adder is severely wounded.
The adder closely misses you.
You completely miss the adder.
The adder is severely wounded.
The adder bites you.
You barely miss the adder.
The adder is severely wounded.
The adder bites you.
* * * LOW HITPOINT WARNING * * *
You are lethally poisoned!
The adder poisons you!
You hit the adder.
The adder is almost dead.
* * * LOW HITPOINT WARNING * * *
You feel sick. The adder bites you.
You die...

....... ......
........).....
........)....# .#
.............##.#
....... ........
....... #.....#
......S##.....#
.......@......#
.##.##.##.....# #
##.##.....####.##
..............#...
..................
....##.###........
.....
#.###.........
##..##
#.#........... ..
..#.#.........


You could see an adder.

Vanquished Creatures
  An endoplasm (D:2)
  A giant cockroach (D:2)
  2 goblins (D:2)
  A hobgoblin (D:1)
  A kobold (D:2)
  2 quokkas
  A bat (D:1)
9 creatures vanquished.

Notes
Turn   | Place    | Note
-------+----------+-------------------------------------------
     0 | D:1      | nxtlvl the Deep Elf Monk began the quest for the Orb.
     0 | D:1      | Reached XP level 1. HP: 13/13 MP: 3/3
   157 | D:2      | Reached XP level 2. HP: 10/18 MP: 4/4
   229 | D:2      | Slain by an adder

Illustrated notes

Levels and vault maps discovered:
D:1:      dpeg_arrival_subterranean_lakeside_camping, layout_loops_ring,
          glass_columns_a
D:2:      layout_basic, basic_altar, hangedman_abyss_or_decor_lesser_grid

Action                   || total
-------------------------++-------
Melee: Short sword       ||    30
 Fire: Sling             ||     6
 Stab: Sleeping          ||     3
Armor: Robe              ||     5
Dodge: Dodged            ||    20

Table legend: (Time is in decaauts)
 A = Elapsed time spent in this place.
 B = Non-inter-level travel time spent in this place.
 C = Inter-level travel time spent in this place.
 D = Time resting spent in this place.
 E = Time spent auto-exploring this place.
 F = Levels seen in this place.
 G = Mean time per level.
                   A        B        C        D        E       F      G
               +--------+--------+--------+--------+--------+-----+--------+
         Total |    228 |    228 |      0 |      0 |     38 |   2 |  114.0 |
       Dungeon |    228 |    228 |      0 |      0 |     38 |   2 |  114.0 |
               +--------+--------+--------+--------+--------+-----+--------+

Top non-repeatable levels by time:
     D:2: 147 daAuts
     D:1: 81 daAuts
